 Dungeon Crawl Stone Soup version 0.29.1-1-gd02db6906a (webtiles) character file.

Game seed: 1528739949236154403

2227 Icepheonix32 the Protected (level 9, -3/121 HPs)
             Began as a Minotaur Fighter on Sept 19, 2022.
             Was a Believer of Okawaru.
             Slain by a five-headed hydra (11 damage)
             ... on level 6 of the Dungeon.
             The game lasted 00:08:29 (5918 turns).

Icepheonix32 the Protected (Minotaur Fighter)       Turns: 5918, Time: 00:08:30

Health: -3/121     AC: 24    Str: 24    XL:     9   Next: 14%
Magic:  0/8        EV:  2    Int:  5    God:    Okawaru [**....]
Gold:   126        SH:  5    Dex: 11    Spells: 8/8 levels left

rFire   + . .      SeeInvis +   e - +2 whip (elec)
rCold   . . .      Faith    .   c - +0 buckler
rNeg    . . .      Spirit   +   (body armour currently unavailable)
rPois   +          Reflect  .   (helmet currently unavailable)
rElec   .          Harm     .   (cloak currently unavailable)
rCorr   .          Rampage  .   (gloves currently unavailable)
Will    .....      NoTele   +   (boots currently unavailable)
Stlth   ++........              h - amulet of guardian spirit
HPRegen 0.30/turn               k - ring of see invisible
MPRegen 0.11/turn               x - ring of protection from fire

@: tree-form
A: stationary, stasis, torment immunity, boosted hp, (horns 2), (retaliatory
headbutt), (hooves 1), screaming 1
a: Renounce Religion, Heroism


You were on level 6 of the Dungeon.
You worshipped Okawaru.
Okawaru was pleased with you.
You were a tree.
You visited 2 branches of the dungeon, and saw 7 of its levels.

You collected 219 gold pieces.
You spent 93 gold pieces at shops.

Inventory:

Hand Weapons
 a - a +0 war axe
 e - a +2 whip of electrocution (weapon)
 r - a +4 vorpal whip
Missiles
 y - 2 boomerangs (quivered)
Armour
 b - a +0 scale mail (melded)
 c - a +0 buckler (worn)
 v - a +1 hat (melded)
 A - the +1 plate armour of Yredelemnul's Favour {+Inv rF+ Regen+}
   (You took it off a goblin on level 4 of the Dungeon)

   rF:        It protects you from fire.
   +Inv:      It lets you turn invisible.
   Regen:     It increases your rate of health regeneration.
Jewellery
 h - an amulet of guardian spirit (around neck)
 k - a ring of see invisible (left branch)
 x - a ring of protection from fire (right branch)
Wands
 d - a wand of iceblast (1)
 o - a wand of paralysis (6)
Scrolls
 g - a scroll of teleportation
 l - a scroll of immolation
 s - 2 scrolls of brand weapon
 u - a scroll of enchant armour {unknown}
 D - a scroll of fear
Potions
 i - a potion of invisibility
 j - a potion of flight
 m - a potion of curing
 n - a potion of resistance
 p - 2 potions of ambrosia
 t - a potion of lignification
 w - a potion of brilliance
 z - a potion of attraction {unknown}
 C - 2 potions of cancellation {unknown}


   Skills:
 * Level 8.0 Fighting
 + Level 2.5(4.8) Axes
 + Level 6.4(6.6) Maces & Flails
 * Level 10.0 Armour
 + Level 2.2 Dodging
 + Level 1.9 Stealth
 + Level 5.2 Shields


You had 8 spell levels left.
You didn't know any spells.
Your spell library contained the following spells:

 Spells                   Type           Power      Damage    Failure   Level
 Apportation              Tloc           0%         N/A       56%         1
 Cause Fear               Hex            0%         N/A       100%        4
 Alistair's Intoxication  Tmut/Pois      0%         N/A       100%        5
 Dragon Form              Tmut           0%         N/A       100%        7
 Dragon's Call            Summ           Unusable   N/A       N/A         9

Dungeon Overview and Level Annotations

Branches:
Dungeon (6/15)             Temple (1/1) D:4

Altars:
Cheibriados
Dithmenos
Elyvilon
Kikubaaqudgha
Nemelex Xobeh
Okawaru
Sif Muna
Uskayaw
Xom
Yredelemnul
Zin

Shops:
D:1 *=


Innate Abilities, Weirdness & Mutations

You are a tree.
Your roots penetrate the ground, keeping you stationary.
You cannot be teleported.
You are immune to unholy pain and torment.
Your maximum health is greatly increased.
Your equipment is partially melded.
((You have a pair of horns on your head.))
((You reflexively headbutt those who attack you in melee.))
((You have large cloven feet.))
You occasionally shout uncontrollably at your foes.


Message History

The five-headed hydra is heavily wounded.
The gnoll hits you but does no damage. The five-headed hydra bites you.
The five-headed hydra bites you but does no damage. x4
The orc hits you but does no damage.
Unknown command.
You whack the five-headed hydra!
The five-headed hydra is heavily wounded.
The gnoll hits you but does no damage.
The five-headed hydra completely misses you.
The five-headed hydra bites you!
* * * LOW HITPOINT WARNING * * *
The five-headed hydra bites you but does no damage.
The five-headed hydra bites you!
* * * LOW HITPOINT WARNING * * *
The five-headed hydra bites you but does no damage.
The orc hits you but does no damage.
You hit the five-headed hydra.
Lightning courses through the five-headed hydra!
The five-headed hydra is severely wounded.
Unknown command.
Unknown command.
You hit the five-headed hydra.
Lightning courses through the five-headed hydra!
The five-headed hydra is almost dead.
The gnoll hits you with a +0 whip.
* * * LOW HITPOINT WARNING * * *
The orc hits you but does no damage. The five-headed hydra bites you.
* * * LOW HITPOINT WARNING * * *
The five-headed hydra bites you.
* * * LOW HITPOINT WARNING * * *
The five-headed hydra bites you but does no damage. x2
The five-headed hydra bites you!
* * * LOW HITPOINT WARNING * * *
You feel better.
The five-headed hydra bites you but does no damage.
You block the five-headed hydra's attack.
The five-headed hydra bites you but does no damage.
You block the five-headed hydra's attack.
The five-headed hydra bites you!
You die...

#.###.###.....
##...## ###
###.# #.# #.##
#..# ##'#
####8†####
#..'.g♣Do#
#..8#..#8oo# #
#######.#
#....). '#
.###'####.#
#..8#h .D#
##..' ## ##


You could see a five-headed hydra, a gnoll and 3 orcs.

Vanquished Creatures
  Pikel (D:4)
  A troll (D:6)
  Grinder (D:4)
  Menkaure (D:4)
  A black bear (D:5)
  An ogre (D:6)
  2 centaurs (D:5)
  A phantom (D:5)
  4 scorpions
  2 jellies (D:4)
  An orc priest (D:4)
  Ijyb (D:4)
  4 hounds (D:5)
  6 iguanas
  2 orc wizards
  Robin (D:3)
  3 gnolls (D:4)
  3 adders
  An ufetubus (D:5)
  2 dart slugs (D:1)
  9 orcs
  2 ball pythons
  3 endoplasms
  12 goblins
  7 hobgoblins
  3 jackals (D:3)
  3 quokkas
  5 bats
  3 frilled lizards
  5 kobolds
  2 rats
93 creatures vanquished.

Vanquished Creatures (others)
  2 plants (D:5)
2 creatures vanquished.

Grand Total: 95 creatures vanquished

Notes
Turn   | Place    | Note
-------+----------+-------------------------------------------
     0 | D:1      | Icepheonix32 the Minotaur Fighter began the quest for the
                  | Orb.
     0 | D:1      | Reached XP level 1. HP: 19/19 MP: 0/0
   167 | D:1      | Reached XP level 2. HP: 27/27 MP: 1/1
   420 | D:1      | Found Dimyhaes's Jewellery Shoppe.
   544 | D:1      | Found Ogenguir's Assorted Antiques.
   735 | D:2      | Found a faded altar of an unknown god.
   855 | D:2      | Reached skill level 4 in Armour
  1765 | D:1      | Bought a scroll labelled SUOCEU AZIAFI for 24 gold pieces
  1765 | D:1      | Bought a scroll labelled ONOFIWIAFA for 24 gold pieces
  1765 | D:1      | Bought a cyan potion for 21 gold pieces
  1765 | D:1      | Bought a scroll labelled IRGHYO UMIGIF for 24 gold pieces
  1831 | D:3      | Reached XP level 3. HP: 8/34 MP: 2/2
  2287 | D:3      | Noticed Robin
  2303 | D:3      | Killed Robin
  2304 | D:3      | Reached skill level 1 in Stealth
  2852 | D:3      | Reached XP level 4. HP: 38/41 MP: 3/3
  3101 | D:3      | Found a hide-covered altar of Uskayaw.
  3111 | D:3      | Reached skill level 1 in Maces & Flails
  3263 | D:4      | Noticed a scorpion
  3268 | D:4      | Killed a scorpion
  3269 | D:4      | Reached skill level 5 in Fighting
  3269 | D:4      | Reached XP level 5. HP: 44/48 MP: 4/4
  3296 | D:4      | Noticed Grinder
  3307 | D:4      | Killed Grinder
  3308 | D:4      | Reached skill level 5 in Armour
  3308 | D:4      | Reached XP level 6. HP: 57/57 MP: 5/5
  3383 | D:4      | Noticed Ijyb
  3394 | D:4      | Paralysed by Ijyb for 5 turns
  3401 | D:4      | Killed Ijyb
  3592 | D:4      | Reached skill level 1 in Dodging
  3592 | D:4      | Reached XP level 7. HP: 47/63 MP: 6/6
  3686 | D:4      | Reached skill level 6 in Armour
  3718 | D:4      | Identified the +1 plate armour of Yredelemnul's Favour
                  | {+Inv rF+ Regen+}
  3795 | D:4      | Found a staircase to the Ecumenical Temple.
  3815 | D:4      | Noticed Pikel
  3844 | D:4      | Killed Pikel
  3845 | D:4      | Reached skill level 7 in Armour
  3845 | D:4      | Reached XP level 8. HP: 19/71 MP: 7/7
  3861 | Temple   | Entered the Ecumenical Temple
  4256 | Temple   | Became a worshipper of Warmaster Okawaru
  4454 | D:4      | Noticed Menkaure
  4461 | D:4      | Killed Menkaure
  4462 | D:4      | Reached skill level 5 in Maces & Flails
  4462 | D:4      | Reached skill level 8 in Armour
  4704 | D:5      | Entered Level 5 of the Dungeon
  4884 | D:5      | Reached * piety under Okawaru
  4885 | D:5      | Reached skill level 5 in Shields
  4887 | D:5      | Reached skill level 9 in Armour
  5794 | D:6      | Reached XP level 9. HP: 71/80 MP: 6/8
  5815 | D:6      | Gained mutation: Your mind is acute. (Int +4, Str/Dex -1)
                  | [potion of mutation]
  5815 | D:6      | Gained mutation: You occasionally lose the ability to read
                  | scrolls when taking damage. [potion of mutation]
  5815 | D:6      | Gained mutation: You are somewhat resistant to further
                  | mutation. [potion of mutation]
  5816 | D:6      | Lost mutation: You occasionally lose the ability to read
                  | scrolls when taking damage. [potion of mutation]
  5816 | D:6      | Lost mutation: You are somewhat resistant to further
                  | mutation. [potion of mutation]
  5816 | D:6      | Gained mutation: Armour fits poorly on your strangely
                  | shaped body. [potion of mutation]
  5816 | D:6      | Gained mutation: You are frail. (-10% HP) [potion of
                  | mutation]
  5816 | D:6      | Gained mutation: You occasionally shout uncontrollably at
                  | your foes. [potion of mutation]
  5817 | D:6      | Lost mutation: Your mind is acute. (Int +4, Str/Dex -1)
                  | [potion of mutation]
  5817 | D:6      | Lost mutation: Armour fits poorly on your strangely shaped
                  | body. [potion of mutation]
  5817 | D:6      | Lost mutation: You are frail. (-10% HP) [potion of
                  | mutation]
  5817 | D:6      | Gained mutation: You have large cloven feet. [potion of
                  | mutation]
  5889 | D:6      | Noticed a troll
  5895 | D:6      | Noticed a five-headed hydra
  5907 | D:6      | Killed a troll
  5907 | D:6      | Reached ** piety under Okawaru
  5908 | D:6      | Reached skill level 10 in Armour
  5917 | D:6      | HP: 3/121 [five-headed hydra (11)]
  5918 | D:6      | Slain by a five-headed hydra

Illustrated notes

Levels and vault maps discovered:
D:1:      minmay_arrival_plants_in_alcoves, layout_loops_ring, serial_shops,
          nicolae_shop_crystal, nicolae_lakefront_shop
D:2:      layout_basic, shapermc_ecumenical_altar_flowoftime
D:3:      layout_basic, lemuel_round_altar, uniq_robin
D:4:      layout_loops_ring, minmay_temple_entry_waves, uniq_ijyb,
          uniq_menkaure, uniq_grinder, uniq_pikel
D:5:      layout_basic, serial_bayou, serial_bayou_shore_a,
          serial_bayou_shore_b, serial_bayou_pond_a, serial_bayou_ford_a,
          serial_bayou_pond_e
D:6:      minmay_chambers_of_sixes, layout_loops_corners, minitemple,
          nicolae_ossuary_entry_monument
Temple:   nicolae_temple_two_arcs

Skill      XL: |  1  2  3  4  5  6  7  8  9 |
---------------+----------------------------+-----
Fighting       | 4 5 6 7 8 |  8.0
Armour         | 4 5 7 9 10 | 10.0
Stealth        | 1 |  1.9
Shields        | 4 5 |  5.2
Maces & Flails | 1 3 4 6 |  6.4
Dodging        | 1 2 |  2.2
Axes           | |  2.5

Action                   |  1- 3 |  4- 6 |  7- 9 || total
-------------------------+-------+-------+-------++-------
Melee: Whip              |    77 |    49 |   125 ||   251
       Headbutt          |     7 |    11 |    15 ||    33
       War axe           |     1 |       |       ||     1
       Kick              |       |       |     2 ||     2
  Use: Scroll            |     7 |       |    10 ||    17
       Potion            |     2 |     2 |     7 ||    11
 Stab: Invisible         |     1 |       |       ||     1
Armor: Scale mail        |    40 |    13 |    33 ||    86
       Skin              |       |       |    49 ||    49
Dodge: Dodged            |    26 |    12 |    54 ||    92
Block: Buckler           |    21 |    10 |    37 ||    68
